[Event "*** MasterClass Titled Tuesday Blitz"]
[Site "Chess.com"]
[Date "2017.11.07"]
[Round "1"]
[White "VladimirBelous"]
[Black "chessking2151"]
[Result "1-0"]
[WhiteElo "2677"]
[BlackElo "2401"]
[TimeControl "180+2"]
[EndTime "14:09:57 PST"]
[Termination "VladimirBelous won by resignation"]

1. c4 Nf6 2. Nf3 b6 3. g3 Bb7 4.
Bg2 e6 5. O-O d5 6. d4 Be7 7. Nc3 O-O 8. Bg5 dxc4 9. Qc2 Nc6 10. Rad1 Nb4 11. Qc1 Nfd5 12. Bxe7 Qxe7 13. a3 Na6 14. Rfe1 c5 15. e4 Nxc3 16. Qxc3 b5 17. d5 Rfd8 18. a4 b4 19. Qxc4 Nc7 20. d6 Rxd6 21.
Qxc5 Rd7 22. Qxe7 Rxe7 23. Ne5 f6 24. Nd3 a5 25. Nc5 Bc6 26. e5 Bxg2 27. exf6 gxf6 28.
Kxg2 Kf7 29. Rd6 e5 30. Rc1 Ne8 31. Rc6 Raa7 32. Ne4 Rec7 33. Nd6+ Ke6 34. Nb5+ Rxc6 35. Rxc6+ 1-0

[Event "*** MasterClass Titled Tuesday Blitz"]
[Site "Chess.com"]
[Date "2017.11.07"]
[Round "1"]
[White "gpeloui"]
[Black "ZapataCharlesS"]
[Result "0-1"]
[WhiteElo "2239"]
[BlackElo "2522"]
[TimeControl "180+2"]
[EndTime "14:09:59 PST"]
[Termination "ZapataCharlesS won by checkmate"]

1. e4 c6 2. d4 d5 3. e5 Na6 4.
Nf3 g6 5. Be2 h5 6. O-O Nc7 7. c4 Bh6 8. Nc3 Bxc1 9. Rxc1 Nh6 10. h3 Be6 11. c5 Nf5 12. Ng5 f6 13. Nf3 Kf7 14. Re1 g5 15. exf6 exf6 16. Nxg5+ fxg5 17. Bxh5+ Kg7 18. Bg4 Qf6 19. Ne2 Rae8 20. Rc3 Nh4 21. Bxe6 Rxe6 22. Ng3 Rxe1+ 23. Qxe1 Kf7 24. Rb3 Re8 25. Qd1 Ne6 26. Rxb7+ Kf8 27. Nh5 Qxd4 28. Qc1 Nf4 29. Qc2 Nxh5 30. Qh7 Re1+ 31. Kh2 Qf4+ 32.
g3 Qxf2# 0-1

[Event "*** MasterClass Titled Tuesday Blitz"]
[Site "Chess.com"]
[Date "2017.11.07"]
[Round "1"]
[White "matej2221"]
[Black "Blitzstream"]
[Result "0-1"]
[WhiteElo "2015"]
[BlackElo "2468"]
[TimeControl "180+2"]
[EndTime "14:10:14 PST"]
[Termination "Blitzstream won by resignation"]

1. e4 d5 2. exd5 Qxd5 3. Nc3 Qa5 4. Bc4 Nf6 5. d3 c6 6. Ne2 Bf5 7. Bd2 e6 8. O-O Qc7 9. Ng3 Bg6 10. h3 Nbd7 11.
a4 Nb6 12. Bb3 Nbd5 13. a5 Rd8 14. Qf3 Bd6 15. Nge4 Be5 16. Nxd5 cxd5 17. Nxf6+ Bxf6 18. Bb4 Be7 19. Ba4+ Kf8 20. Bd2 Bf6 21. c3 h6 22.
Rfe1 Kg8 23. Bc2 Kh7 24. Qd1 d4 25. c4 e5 26. b4 e4 27. Ra3 e3 28. fxe3 dxe3 29. Bxe3 Rhe8 30. Ba4 Rxe3 31. Rxe3 Bd4 32. Qf3 Qe5 33. Kf2 Bxe3+ 34. Qxe3 Qb2+ 35. Qe2 Qxa3 0-1

[Event "*** MasterClass Titled Tuesday Blitz"]
[Site "Chess.com"]
[Date "2017.11.07"]
[Round "1"]
[White "Vamostodorecto"]
[Black "HarutyunianTigranK"]
[Result "0-1"]
[WhiteElo "2300"]
[BlackElo "2569"]
[TimeControl "180+2"]
[EndTime "14:10:16 PST"]
[Termination "HarutyunianTigranK won by resignation"]

1. d4 Nf6 2. c4 e6 3. Nc3 d5 4. cxd5 Nxd5 5. e4 Nxc3 6. bxc3 c5 7. Nf3 cxd4 8. cxd4 Bb4+ 9. Bd2 Bxd2+ 10. Qxd2 O-O 11. Bd3 Nc6 12. e5 h6 13. O-O b6 14. Be4 Bb7 15. Rad1 Na5 16. Bxb7 Nxb7 17. Rfe1 Qd5 18.
Qe2 Na5 19. Rd3 Rac8 20. h3 Rc4 21. Red1 Rfc8 22. R3d2 Rc3 23. Nh2 Nc4 24. Rd3 Rxd3 25. Rxd3 b5 26. Ng4 Kf8 27. Kh2 a5 28. Rd1 Rc7 29. Qc2 Kg8 30. Rd3 Ne3 31. Nxe3 Rxc2 32.
Nxd5 exd5 33. Rb3 b4 34. a3 Rc3 35. Rb1 Rxa3 36. Rc1 Rc3 37. Ra1 Ra3 38. Rc1 b3 39.
Rc8+ Kh7 40. Rc5 a4 41. Rxd5 b2 42. e6 fxe6 0-1

[Event "*** MasterClass Titled Tuesday Blitz"]
[Site "Chess.com"]
[Date "2017.11.07"]
[Round "1"]
[White "Robin-Side"]
[Black "lukas_111111"]
[Result "1-0"]
[WhiteElo "2615"]
[BlackElo "2344"]
[TimeControl "180+2"]
[EndTime "14:10:18 PST"]
[Termination "Robin-Side won by resignation"]

1. d4 Nf6 2. Nc3 d5 3. e4 dxe4 4. f3 exf3 5. Nxf3 Bf5 6. Bc4 e6 7.
O-O Nbd7 8. Ng5 Nb6 9. Bb3 c5 10. Rxf5 c4 11. Rf1 cxb3 12. axb3 Qd7 13. Nce4 Be7 14.
c3 O-O 15. Nxf6+ Bxf6 16. Rxf6 gxf6 17. Qh5 Rfc8 18. Nxh7 Qe7 19. Bh6 f5 20. Bg5 Qd6 21. Bf6 Qf4 22. Ng5 Qe3+ 23. Kh1 1-0

[Event "*** MasterClass Titled Tuesday Blitz"]
[Site "Chess.com"]
[Date "2017.11.07"]
[Round "1"]
[White "Tibmat"]
[Black "igorkovalenko"]
[Result "0-1"]
[WhiteElo "2430"]
[BlackElo "2789"]
[TimeControl "180+2"]
[EndTime "14:10:19 PST"]
[Termination "igorkovalenko won by resignation"]

1. e4 c6 2. Nc3 d5 3. Nf3 Nf6 4. e5 Ne4 5. Ne2 Qb6 6. d4 c5 7.
Ng3 Nc6 8. dxc5 Qxc5 9. Qe2 Bg4 10. Nxe4 dxe4 11. Qxe4 Bxf3 12. Qxf3 Qxe5+ 13. Qe3 Qd5 14. Qb3 Qe4+ 15. Be3 O-O-O 16. f3 Qh4+ 17. Bf2 Qf6 18. Bd3 Qe5+ 19. Be4 f5 20. Bg3 Qa5+ 21. c3 fxe4 22. Qe6+ Rd7 23. Rd1 Qd8 24. O-O h5 25. Rd5 Rh6 26.
Qh3 e6 27. Rxd7 Qxd7 28. fxe4 Bc5+ 29. Kh1 Qd3 30. Re1 g5 31. b4 Be7 32. Bf2 Qxh3 33. gxh3 a6 34. Kg2 e5 35. a4 Rd6 36. b5 axb5 37. axb5 Na5 38. Be3 Rd3 39. Kf2 Nc4 40.
Bc1 Rxh3 41. Rd1 Rxh2+ 42. Kg1 Rc2 0-1

[Event "*** MasterClass Titled Tuesday Blitz"]
[Site "Chess.com"]
[Date "2017.11.07"]
[Round "1"]
[White "VitaliyBernadskiy"]
[Black "TheMagician"]
[Result "1-0"]
[WhiteElo "2551"]
[BlackElo "2268"]
[TimeControl "180+2"]
[EndTime "14:10:30 PST"]
[Termination "VitaliyBernadskiy won by resignation"]

1. e4 c5 2. Nf3 d6 3. d4 cxd4 4. Nxd4 Nf6 5. Nc3 a6 6. Be2 e6 7. f4 Qc7 8. O-O Nbd7 9. Bf3 Rb8 10. a4 b6 11. Kh1 h5 12. e5 dxe5 13. Nc6 Rb7 14.
Nxe5 Nxe5 15. fxe5 Qxe5 16. Bf4 Qc5 17. Bxb7 Bxb7 18.
Qd3 h4 19. Rad1 Be7 20. h3 g5 21. Bh2 g4 22. Rxf6 gxh3 23. Ne4 Bc6 24. Rf3 Qd5 25.
Qxd5 Bxd5 26. Rxd5 exd5 27. Nf6+ Bxf6 28. Rxf6 Kd7 29.
gxh3 Rh5 30. Rxf7+ Ke6 31. Rf2 d4 32. b3 Rc5 33.
Re2+ Kf5 34. Bg1 Rc3 35. Bxd4 Rxh3+ 36. Rh2 Rf3 37. Rf2 Rxf2 38. Bxf2 b5 39. axb5 axb5 40. Bxh4 Ke4 41. b4 Ke3 42. c3 Kd3 43. Bf6 Ke3 44. Kg2 Ke2 45. Bd4 Kd3 46. Kf3 Kd2 47. Ke4 Kc2 48. Kd5 Kb3 49. Kc5 Ka4 50. Kb6 1-0

[Event "*** MasterClass Titled Tuesday Blitz"]
[Site "Chess.com"]
[Date "2017.11.07"]
[Round "1"]
[White "platy3"]
[Black "PrinceMurad09"]
[Result "1-0"]
[WhiteElo "2547"]
[BlackElo "2263"]
[TimeControl "180+2"]
[EndTime "14:10:35 PST"]
[Termination "platy3 won by checkmate"]

1. e4 c5 2. Nf3 d6 3. d4 cxd4 4. Nxd4 Nf6 5. Nc3 g6 6. Be3 Bg7 7. f3 Nc6 8. Qd2 O-O 9. O-O-O d5 10. Qe1 e5 11. Nxc6 bxc6 12. exd5 Nxd5 13. Bc4 Be6 14. Kb1 Qc7 15. Nxd5 cxd5 16. Bxd5 Bxd5 17. Rxd5 Rab8 18. Rc5 Qb7 19. b3 e4 20. f4 Rfd8 21. Qc1 a5 22.
Rd1 a4 23. Ra5 Qb4 24. Rc5 Rdc8 25. Qd2 Qa3 26. Rxc8+ Rxc8 27. Bd4 Bf8 28. Bb2 Qc5 29. c4 Rb8 30. Qc3 Qb6 31. Qh8# 1-0

[Event "*** MasterClass Titled Tuesday Blitz"]
[Site "Chess.com"]
[Date "2017.11.07"]
[Round "1"]
[White "ValeriyGrinev"]
[Black "Hikaru"]
[Result "0-1"]
[WhiteElo "2443"]
[BlackElo "3002"]
[TimeControl "180+2"]
[EndTime "14:10:36 PST"]
[Termination "Hikaru won by resignation"]

1. d4 Nf6 2. c4 e6 3. Nc3 b6 4. e4 Bb7 5. e5 Ne4 6. Nf3 Bb4 7. Qc2 f5 8. exf6 Nxf6 9. Be2 Be4 10. Qb3 Nc6 11. O-O a5 12. a3 Bxf3 13. axb4 Nxd4 14. Qd1 Nxe2+ 15. Nxe2 Bxe2 16. Qxe2 axb4 17. Bf4 Rxa1 18.
Rxa1 O-O 19. Ra7 Ne8 20. Bg3 c5 21. Qe5 Nf6 22. Qd6 Ne4 23. Qxd7 Qxd7 24. Rxd7 Ra8 25. Kf1 Nxg3+ 26. hxg3 Ra2 27. Rd2 Kf7 28. Ke2 Ke7 29. Ke3 Ra1 30. g4 Rc1 31. Kd3 h6 32. g3 Kf6 33.
Re2 Rd1+ 34. Ke3 Rd4 35. b3 Rxg4 36. Ra2 Rd4 37. Ra6 Rd6 38. Ke4 h5 39. f4 g6 40. Ra8 Rd4+ 41. Ke3 Rd1 42. Rf8+ Ke7 43. Rb8 Rb1 44. Rxb6 Rxb3+ 45. Ke4 Rxg3 46. Rc6 b3 47. Rxc5 h4 48. Ke5 Re3+ 49. Kd4 Re1 50. Rb5 h3 51. Rb7+ Kf6 52. Rxb3 h2 0-1

[Event "*** MasterClass Titled Tuesday Blitz"]
[Site "Chess.com"]
[Date "2017.11.07"]
[Round "1"]
[White "dretch"]
[Black "pandamaster3000"]
[Result "1-0"]
[WhiteElo "2563"]
[BlackElo "2267"]
[TimeControl "180+2"]
[EndTime "14:10:36 PST"]
[Termination "dretch won by resignation"]

1. d4 Nf6 2. c4 g6 3. Nc3 Bg7 4. e4 d6 5. Nf3 O-O 6. h3 Na6 7. Bg5 h6 8. Be3 e5 9. Bd3 c6 10. O-O Qe7 11. Re1 Re8 12. Qd2 Kh7 13. Bc2 Bd7 14. a3 Rad8 15. d5 c5 16. Nb5 Bxb5 17.
cxb5 Nc7 18. a4 b6 19. b4 Nd7 20. Rec1 Rf8 21. a5 Ra8 22. bxc5 bxc5 23. Rcb1 f5 24. exf5 gxf5 25. Ra4 e4 26. Nh2 Rfb8 27. g4 Be5 28.
gxf5 Rg8+ 29. Ng4 h5 30. Bxe4 Nf6 31. Bf3 hxg4 32. hxg4 Nfe8 33. g5 Rh8 34. f6 Nxf6 35. gxf6 Qxf6 36. Rg4 Rag8 37. Be4+ 1-0

[Event "*** MasterClass Titled Tuesday Blitz"]
[Site "Chess.com"]
[Date "2017.11.07"]
[Round "1"]
[White "GrigorGrigorov"]
[Black "Squirlolz"]
[Result "1-0"]
[WhiteElo "2625"]
[BlackElo "2346"]
[TimeControl "180+2"]
[EndTime "14:10:40 PST"]
[Termination "GrigorGrigorov won by resignation"]

1. d4 Nf6 2. c4 e6 3. Nf3 c5 4. d5 d6 5. Nc3 exd5 6. cxd5 g6 7.
Bf4 a6 8. a4 Bg7 9. e4 O-O 10.
Be2 Bg4 11. O-O Bxf3 12. Bxf3 Qe7 13. Qd2 Nbd7 14. Rfe1 Rab8 15. Be2 Ne8 16. Bg5 Bf6 17. Bxf6 Qxf6 18. Bf1 Nc7 19. a5 b5 20. axb6 Rxb6 21. Bc4 Rfb8 22. b3 Ne5 23. f4 Nxc4 24. bxc4 Rb2 25.
Qe3 Qd4 26. Qxd4 cxd4 27. Ne2 d3 28. Nd4 R8b4 29. e5 d2 30. exd6 dxe1=Q+ 31. Rxe1 Nxd5 32. d7 Rb8 33. Re8+ Kg7 34. cxd5 R2b7 35. d8=Q Rb1+ 36. Kf2 R1b2+ 37. Kf3 1-0

[Event "*** MasterClass Titled Tuesday Blitz"]
[Site "Chess.com"]
[Date "2017.11.07"]
[Round "1"]
[White "AttilaTurzo"]
[Black "Jospem"]
[Result "0-1"]
[WhiteElo "2352"]
[BlackElo "2616"]
[TimeControl "180+2"]
[EndTime "14:10:47 PST"]
[Termination "Jospem won by resignation"]

1. d4 Nf6 2. Bf4 e6 3. Nc3 c5 4. d5 d6 5. e4 a6 6. a4 e5 7. Be3 Be7 8. Be2 O-O 9. h3 Ne8 10.
Nf3 b6 11. O-O g6 12. Nd2 Ng7 13. Nc4 f5 14. a5 f4 15. Bc1 b5 16. Nb6 Ra7 17.
Nxc8 Qxc8 18. b3 Nd7 19. Nb1 h5 20. c4 b4 21. g3 Nf6 22. gxf4 Qxh3 23. Qd3 Qxd3 24.
Bxd3 exf4 25. Bxf4 Nxe4 26. Bh2 Ng5 27. Bxg6 Nf3+ 28.
Kg2 Nxh2 29. Kxh2 Rf6 30. Be4 Rf4 31. f3 Bf6 32. Ra2 Rf7 33. Re2 Be5 34. Kg2 Nf5 35.
Bxf5 R4xf5 36. Nd2 Rg7+ 37. Kf2 Bg3+ 38. Ke3 h4 39.
Ne4 Bf4+ 40. Kd3 h3 41. Rh1 h2 42. Rf2 Rg1 43. Rf1 Rxf1 44. Rxf1 Be5 45. Nd2 Rg5 46.
f4 Rg1 47. fxe5 Rxf1 48. Nxf1 h1=Q 49. exd6 Qxf1+ 50. Ke4 Qf6 51. d7 Qd8 52. Ke5 Qxd7 53. d6 Kf7 54. Kd5 Qc8 55. Ke5 Qe6+ 0-1

[Event "*** MasterClass Titled Tuesday Blitz"]
[Site "Chess.com"]
[Date "2017.11.07"]
[Round "1"]
[White "bugsbunny444"]
[Black "DanielNaroditsky"]
[Result "0-1"]
[WhiteElo "2417"]
[BlackElo "2733"]
[TimeControl "180+2"]
[EndTime "14:10:52 PST"]
[Termination "DanielNaroditsky won by checkmate"]

1. Nf3 d5 2. c4 d4 3. b4 Bg4 4. Qb3 Bxf3 5. Qxf3 e5 6. Qxb7 Nd7 7.
a3 Ngf6 8. g3 a5 9. b5 e4 10.
Bh3 Ne5 11. O-O Bc5 12. d3 Ra7 13. Qc8 Qxc8 14. Bxc8 exd3 15. exd3 O-O 16. Bf5 g6 17. Bf4 Nxc4 18. dxc4 gxf5 19. Nd2 a4 20. Nf3 Ne4 21.
Rfd1 Rd8 22. Rd3 Nc3 23. Be5 Rd7 24. Kf1 Ra8 25. Bxd4 Ne4 26. Rdd1 Rad8 27. Bxc5 Rxd1+ 28. Rxd1 Rxd1+ 29. Ke2 Rc1 30. Bb4 Rxc4 31. Kd3 Rc1 32. Nd4 Nxf2+ 33. Kd2 Rd1+ 34. Kc3 Ne4+ 35. Kc4 Kg7 36.
Nxf5+ Kf6 37. Ne3 Rd7 38. Nd5+ Ke5 39. Nf4 Rd4# 0-1

[Event "*** MasterClass Titled Tuesday Blitz"]
[Site "Chess.com"]
[Date "2017.11.07"]
[Round "1"]
[White "grzechu96"]
[Black "OparinGrigoriy"]
[Result "1-0"]
[WhiteElo "2437"]
[BlackElo "2683"]
[TimeControl "180+2"]
[EndTime "14:10:53 PST"]
[Termination "grzechu96 won by resignation"]

1. e4 c5 2. Nf3 Nc6 3. d4 cxd4 4. Nxd4 Nf6 5. Nc3 d6 6. Bg5 Bd7 7. Qd2 h6 8. Bxf6 gxf6 9. O-O-O Nxd4 10. Qxd4 Qa5 11. f4 Rc8 12. Kb1 Qc5 13. Qd2 h5 14.
Bd3 Bg7 15. f5 Bh6 16. Qe2 Qe3 17. Qxe3 Bxe3 18. Bb5 Rxc3 19. Bxd7+ Kxd7 20. bxc3 Rg8 21. g3 Bc5 22. Kc1 Rg4 23. Rde1 Kc6 24. Kd2 Kb5 25. Kd3 b6 26. Re2 Kc6 27. Rg2 Kd7 28.
h3 Rg5 29. g4 h4 30. Rf1 Kc6 31. c4 Rg8 32. Rf4 Rg5 33. a4 a5 34.
c3 Kc7 35. Rf3 Kd7 36. Rf4 Ke8 37. Rf3 Kf8 38. Rf4 Kg7 39. Ke2 Kh6 40. Kd3 Rg8 41. g5+ Kh5 42. g6 fxg6 43. Rxg6 Rxg6 44. fxg6 Kxg6 45.
Rxh4 Kg7 46. Rg4+ Kh7 47. Ke2 Ba3 48. Kd3 Bc5 49. Rg2 Kh6 50. Rg8 Kh5 51. Re8 e5 52.
Rf8 Kh4 53. Rxf6 Kxh3 54. Rg6 Kh4 55. Ke2 Kh3 56. Kf3 Kh2 57. Rg3 Kh1 58. Kg4 Kh2 59.
Kf3 Kh1 60. Rg2 Bg1 61. Rd2 1-0

[Event "*** MasterClass Titled Tuesday Blitz"]
[Site "Chess.com"]
[Date "2017.11.07"]
[Round "1"]
[White "MagnusCarlsen"]
[Black "Ar4uha"]
[Result "1-0"]
[WhiteElo "3038"]
[BlackElo "2446"]
[TimeControl "180+2"]
[EndTime "14:10:55 PST"]
[Termination "MagnusCarlsen won by resignation"]

1. e4 d6 2. d4 Nf6 3. Nc3 e5 4. Nf3 Nbd7 5. Bc4 Be7 6. O-O O-O 7. a4 a5 8. Re1 c6 9. h3 Nb6 10. Bb3 Nfd7 11. Be3 exd4 12. Nxd4 Nc5 13. Qf3 Bf6 14.
Rad1 Qe7 15. Qg3 Kh8 16. Bf4 Be5 17. Nf3 Nxb3 18. Nxe5 dxe5 19. Bxe5 Rg8 20. cxb3 Be6 21.
Ne2 Nd7 22. Bd6 Qf6 23. Nd4 h6 24. f4 Nb6 25. f5 Bc8 26. Bc7 Nd7 27. e5 Qg5 28.
Qc3 Nf8 29. e6 fxe6 30. fxe6 Ng6 31. Nf3 Qh5 32. e7 Bxh3 33. gxh3 Qxh3 34. Ne5 Qh5 35. Nxg6+ Qxg6+ 36. Qg3 Qc2 37. Rd8 Qc5+ 38. Qe3 1-0

[Event "*** MasterClass Titled Tuesday Blitz"]
[Site "Chess.com"]
[Date "2017.11.07"]
[Round "1"]
[White "Rikikits"]
[Black "rubhani"]
[Result "0-1"]
[WhiteElo "2512"]
[BlackElo "2269"]
[TimeControl "180+2"]
[EndTime "14:10:56 PST"]
[Termination "rubhani won by checkmate"]

1. e4 c5 2. Nf3 d6 3. d4 cxd4 4. Nxd4 Nf6 5. Nc3 a6 6. h3 e6 7. g4 Nfd7 8. Be3 b5 9. Bg2 Bb7 10. O-O Be7 11. Qe2 O-O 12. Rad1 Qc7 13. f4 Nc6 14.
Nf5 exf5 15. Nd5 Qd8 16. exf5 Re8 17. g5 Bf8 18. Qg4 Nb4 19. Nxb4 Bxg2 20. Kxg2 Rxe3 21. Nd5 Re8 22. h4 Qc8 23. c3 Qc6 24. Kh2 Nb6 25. Nxb6 Qxb6 26. Rd2 Qe3 27. Rg2 d5 28. h5 Bd6 29.
Rf3 Qc1 30. f6 Re4 31. Rgf2 Re1 32. g6 Rh1+ 33. Kg3 Rg1+ 34. Rg2 Qe1+ 35. Kh2 Rh1# 0-1

[Event "*** MasterClass Titled Tuesday Blitz"]
[Site "Chess.com"]
[Date "2017.11.07"]
[Round "1"]
[White "hansen"]
[Black "MFBerna"]
[Result "1-0"]
[WhiteElo "2579"]
[BlackElo "2316"]
[TimeControl "180+2"]
[EndTime "14:11:00 PST"]
[Termination "hansen won by resignation"]

1. e4 e5 2. Nf3 Nc6 3. Bb5 Nf6 4.
d3 d6 5. c3 Be7 6. O-O O-O 7. h3 Bd7 8. a4 Re8 9. Re1 h6 10. Nbd2 Bf8 11. Nf1 g6 12. Ng3 Bg7 13.
Be3 a6 14. Bc4 Be6 15. Bxe6 Rxe6 16. b4 d5 17. b5 Ne7 18. Qb3 Qd7 19. Bc5 Re8 20. c4 d4 21. a5 Rd8 22. Reb1 Bf8 23. Qa3 Ne8 24. Qa4 Ra8 25. Nd2 Nf6 26. Nb3 h5 27. Bb4 h4 28. Nc5 Qc8 29. Nxe6 Qxe6 30.
Nf1 g5 31. Nh2 Ng6 32. Bxf8 Kxf8 33. Qd1 Nf4 34. Qf3 Kg7 35. Ng4 Nd7 36. g3 hxg3 37.
fxg3 Nxh3+ 38. Kg2 Rh8 39. Rh1 Nc5 40. Rxh3 Rxh3 41.
Kxh3 Nxd3 1-0

[Event "*** MasterClass Titled Tuesday Blitz"]
[Site "Chess.com"]
[Date "2017.11.07"]
[Round "1"]
[White "tigra"]
[Black "cheese111"]
[Result "1-0"]
[WhiteElo "2644"]
[BlackElo "2363"]
[TimeControl "180+2"]
[EndTime "14:11:02 PST"]
[Termination "tigra won by resignation"]

1. e4 e5 2. Nf3 Nc6 3. Bc4 Nf6 4. d3 Bc5 5. c3 O-O 6. Bb3 a6 7. Nbd2 d6 8. h3 h6 9. Qe2 Re8 10. Nf1 d5 11. Ng3 Be6 12. O-O Qd7 13. Nh4 Rad8 14.
Rd1 Bf8 15. Qf3 Nh7 16. Nhf5 Na5 17. Bc2 c5 18. exd5 Bxd5 19. Ne4 Qc6 20. b3 b5 21. Bb2 c4 22. dxc4 bxc4 23. b4 Nb7 24.
Ne3 Rd7 25. Nxd5 Rxd5 26. Rxd5 Qxd5 27. Rd1 Qe6 28. Ba4 Rd8 29. Rxd8 Nxd8 30. Qd1 Nb7 31. Qd7 Qxd7 32. Bxd7 a5 33. Bc8 Nd6 34. Nxd6 Bxd6 35. bxa5 Bc5 36. a6 Nf6 37. Ba3 Ba7 38. Bb7 e4 39.
Kf1 e3 40. fxe3 Bxe3 41. Ke2 Ba7 42. Bc1 Kf8 43. Be3 1-0

[Event "*** MasterClass Titled Tuesday Blitz"]
[Site "Chess.com"]
[Date "2017.11.07"]
[Round "1"]
[White "gammagramma"]
[Black "Annawel"]
[Result "0-1"]
[WhiteElo "2427"]
[BlackElo "2784"]
[TimeControl "180+2"]
[EndTime "14:11:11 PST"]
[Termination "Annawel won by resignation"]

1. d4 Nf6 2. Nf3 b6 3. c4 Bb7 4.
Qc2 e6 5. Nc3 Bb4 6. a3 Bxc3+ 7. Qxc3 O-O 8. Bf4 d6 9. e3 Nbd7 10. Bd3 Ne4 11. Qc2 f5 12. h3 Qe7 13. Bh2 a5 14. O-O g5 15. Rae1 h5 16.
Nd2 Nxd2 17. Qxd2 g4 18. hxg4 hxg4 19. e4 Qg7 20. d5 Nc5 21. Bc2 exd5 22. cxd5 Ba6 23.
exf5 Bxf1 24. Kxf1 Rae8 25. b4 axb4 26. axb4 Rxe1+ 27.
Qxe1 Nd7 28. Qe6+ Rf7 29. Bf4 Nf8 30. Qe4 Re7 31. Qd3 Qa1+ 32. Bb1 Nh7 33. g3 Qb2 34. Bd2 Nf6 35. Kg2 Ne4 36. Be3 Nxf2 37. Bxf2 Re2 38.
Qe4 Rxe4 39. Bxe4 Qxb4 40. Bd3 Qd2 41. Be4 b5 42. f6 b4 43. Kg1 b3 44. Bg6 Qd1+ 45.
Kh2 Qf3 46. Bd4 Qe2+ 47. Kg1 Qd1+ 48. Kf2 Qxd4+ 0-1

[Event "*** MasterClass Titled Tuesday Blitz"]
[Site "Chess.com"]
[Date "2017.11.07"]
[Round "1"]
[White "Hanging_pointer"]
[Black "LaStreetCmaMaison"]
[Result "0-1"]
[WhiteElo "2324"]
[BlackElo "2586"]
[TimeControl "180+2"]
[EndTime "14:11:11 PST"]
[Termination "LaStreetCmaMaison won by checkmate"]

1. e4 e6 2. d4 d5 3. Nd2 e5 4.
dxe5 dxe4 5. Nxe4 Qxd1+ 6. Kxd1 Nc6 7. f4 Bg4+ 8. Nf3 O-O-O+ 9. Bd3 Nd4 10. Nd2 Ne7 11.
Rf1 Nd5 12. Nb3 Nxf3 13. gxf3 Bh3 14. Rg1 c5 15. Ke2 Nb4 16. Be4 c4 17. Nd2 b5 18.
a4 f5 19. exf6 gxf6 20. Rg3 f5 21. Rxh3 fxe4 22. axb5 Nxc2 23. Rxa7 Nd4+ 24. Kf1 e3 25.
Nxc4 e2+ 26. Ke1 Bc5 27. Ra8+ Kc7 28. Rxd8 Kxd8 29. Be3 Bb4+ 30. Nd2 Re8 31. Rh5 Bxd2+ 32. Kxd2 Rxe3 33. Rd5+ Kc7 34. Re5 e1=Q# 0-1

[Event "*** MasterClass Titled Tuesday Blitz"]
[Site "Chess.com"]
[Date "2017.11.07"]
[Round "1"]
[White "GeorgMeier"]
[Black "Bad4life"]
[Result "1-0"]
[WhiteElo "2668"]
[BlackElo "2395"]
[TimeControl "180+2"]
[EndTime "14:11:13 PST"]
[Termination "GeorgMeier won by checkmate"]

1. Nf3 Nf6 2. g3 g6 3. Bg2 Bg7 4. O-O O-O 5. d4 d6 6. b3 c5 7. c4 cxd4 8. Nxd4 Qa5 9. Bb2 a6 10. Nc3 Qh5 11. e4 Bg4 12. f3 Bh3 13. Qd2 Bxg2 14.
Kxg2 Nc6 15. Nde2 Rad8 16. Rac1 Bh6 17. f4 e5 18. h3 exf4 19. Nxf4 Qa5 20. Rf2 Ne5 21.
Ncd5 Qxd2 22. Nxf6+ Kg7 23. Rxd2 Kxf6 24. Rcd1 Ke7 25.
Ba3 f5 26. Bxd6+ Rxd6 27. Rxd6 Nc6 28. Rd7+ Kf6 29. Nd5+ Ke5 30. Rxh7 Bg5 31. h4 Bd8 32.
exf5 gxf5 33. Nf4 Nd4 34. Rd7 Bb6 35. c5 Ba7 36. Rd5+ Kf6 37. R1xd4 Re8 38. Kf3 Re1 39. Rd6+ Ke7 40. Rd7+ Ke8 41. Rd8+ Ke7 42. R4d7+ Kf6 43.
b4 a5 44. Rf8+ Ke5 45. Rd5# 1-0

[Event "*** MasterClass Titled Tuesday Blitz"]
[Site "Chess.com"]
[Date "2017.11.07"]
[Round "1"]
[White "chito89"]
[Black "miaou33"]
[Result "1-0"]
[WhiteElo "2567"]
[BlackElo "2298"]
[TimeControl "180+2"]
[EndTime "14:11:16 PST"]
[Termination "chito89 won by checkmate"]

1. e4 e6 2. d3 d5 3. Nd2 Nf6 4.
Ngf3 g6 5. g3 Bg7 6. Bg2 O-O 7.
O-O c5 8. Re1 Nc6 9. exd5 Nxd5 10. Ne4 b6 11. Bh6 Bxh6 12. c3 Bg7 13. a4 Bb7 14. Nfd2 Rc8 15. Nc4 Rc7 16. a5 b5 17. Ncd6 a6 18. Nxb7 Rxb7 19. Nxc5 Ra7 20. Nb3 Qd6 21. d4 Rc8 22. Nc5 Nce7 23. Qd3 Rd8 24. Qe2 Nc7 25. h4 Nc6 26. h5 e5 27.
Ne4 Qd7 28. h6 Bh8 29. Qf3 f5 30. Nc5 Qd5 31. Qxd5+ Nxd5 32. Ne6 Rd6 33. dxe5 Nxe5 34. Rad1 Rad7 35. Nc5 Rd8 36. Nb7 Nf7 37. Nxd8 Rxd8 38. Rxd5 Rc8 39. Rd7 Bf6 40. Bd5 Rf8 41. Rxf7 Rxf7 42.
Re8# 1-0

[Event "*** MasterClass Titled Tuesday Blitz"]
[Site "Chess.com"]
[Date "2017.11.07"]
[Round "1"]
[White "SergeiAza"]
[Black "Divertissement"]
[Result "1-0"]
[WhiteElo "2683"]
[BlackElo "2406"]
[TimeControl "180+2"]
[EndTime "14:11:19 PST"]
[Termination "SergeiAza won by resignation"]

1. e4 c5 2. Nf3 e6 3. d4 cxd4 4. Nxd4 Nf6 5. Nc3 Nc6 6. Ndb5 Bc5 7. Nd6+ Ke7 8. Nxc8+ Rxc8 9. Be2 Rg8 10. O-O g5 11. Kh1 Ne5 12. a3 a6 13. b3 d6 14.
Bb2 g4 15. Qd2 Rg6 16. Rad1 h5 17. f4 gxf3 18. gxf3 Qc7 19. Na4 Rcg8 20. Nxc5 Qxc5 21. b4 Qc7 22. c4 Nfd7 23. c5 dxc5 24. f4 Ng4 25.
Bf3 cxb4 26. axb4 Nb6 27. f5 Nc4 28. Qe2 Rg5 29. Bxg4 Rxg4 30. fxe6 fxe6 31. Bf6+ Ke8 32. Rd8+ Qxd8 33. Bxd8 Kxd8 34. Qxc4 1-0

[Event "*** MasterClass Titled Tuesday Blitz"]
[Site "Chess.com"]
[Date "2017.11.07"]
[Round "1"]
[White "tango_argentino"]
[Black "SidArun"]
[Result "1-0"]
[WhiteElo "2476"]
[BlackElo "2084"]
[TimeControl "180+2"]
[EndTime "14:11:19 PST"]
[Termination "tango_argentino won by resignation"]

1. e4 c6 2. Nc3 d5 3. Qe2 d4 4. Nd1 e5 5. g3 Bd6 6. Bh3 Bxh3 7. Nxh3 Qd7 8. Ng5 h6 9. Nf3 Na6 10. d3 Nc7 11. O-O g5 12. Ne1 Ne7 13. f3 Ng6 14. Nf2 O-O-O 15. c3 c5 16. cxd4 cxd4 17. Bd2 Kb8 18. Ng2 Ne6 19. Rfc1 Rc8 20. Qd1 Qb5 21. b3 Nc5 22. Rc4 Nd7 23. Rac1 Nb6 24. Rxc8+ Rxc8 25. Rxc8+ Nxc8 26. Qc2 Be7 27. Ng4 h5 28. Nh6 Nd6 29.
a4 Qb6 30. Bc1 Bf8 31. Bxg5 f6 32. Bc1 Ne7 33. Nh4 Nc6 34. N6f5 Nb4 35. Qe2 Qa6 36.
Nxd6 Bxd6 37. Ba3 Bc5 38. Bxb4 Bxb4 39. g4 hxg4 40. fxg4 Qe6 41. Nf5 Qxb3 42. h4 Qg8 43. h5 Ba3 44. Kg2 Bc1 45. Kf3 Bf4 46. Qc2 Qf8 47.
Qc4 a6 48. Qe6 Qb4 49. Qd6+ Qxd6 50. Nxd6 Kc7 51. Ne8+ Kc6 52. Nxf6 b5 53. axb5+ axb5 54. Nd5 Bg5 55. Ke2 Kc5 56. Nc7 b4 57. Ne6+ Kb5 58. Nxg5 Ka4 59. Kd1 Ka3 60. Nf3 b3 61. Nxe5 Ka2 62. Nc4 1-0

[Event "*** MasterClass Titled Tuesday Blitz"]
[Site "Chess.com"]
[Date "2017.11.07"]
[Round "1"]
[White "nicegg"]
[Black "Tobi-Wan-Kenobi"]
[Result "0-1"]
[WhiteElo "1979"]
[BlackElo "2462"]
[TimeControl "180+2"]
[EndTime "14:11:25 PST"]
[Termination "Tobi-Wan-Kenobi won by resignation"]

1. e4 c5 2. Qh5 Nf6 3. Qxc5 Nxe4 4. Qe3 d5 5. Nc3 Nf6 6. d4 Nc6 7. Nf3 Bf5 8. Bd3 Bg6 9. a3 e6 10. O-O Bd6 11. Re1 O-O 12. Ne5 Bxe5 13. dxe5 d4 14.
Qf3 Nxe5 15. Rxe5 dxc3 16. bxc3 Bxd3 17. Qxd3 Qxd3 18. cxd3 Rfd8 19. d4 Rac8 20. Bd2 Rd5 21. Rc1 Rc4 22. Kf1 Rxe5 23. dxe5 Ng4 24. f4 Nxh2+ 25.
Ke2 Ng4 26. Rb1 b6 27. Rb4 Rxb4 28. axb4 Kf8 29. Kd3 Ke8 30. Kc4 a6 31. b5 a5 32. f5 Kd7 33. fxe6+ Kxe6 34. Kd4 Nxe5 35. Bf4 f6 36. c4 Kd6 37. g4 h6 38. Ke4 Kc5 39.
Kf5 a4 40. Be3+ Kxc4 41. Bxb6 a3 42. Ke4 Kxb5 43. Bd4 Nxg4 44. Kf5 h5 45. Kg6 h4 46. Kh5 h3 0-1